AoeStats
← 297539664

Arena

509036283Analyzed
4v4 RM · 7d ago on Sep 25, 2026· 40m 35s· 8 players
Game mode
Random Map
Map size
Large (8 player)
Population
200
Speed
Normal
Resources
Standard
Victory
Conquest
Starting age
Dark Age
Ending age
Imperial Age
RankedLock teamsTeams togetherTeam positionsShared explorationLock speedFull tech treeHidden civsTurbo modeCheats
Victory
Defeat
1324
+20
🇨🇳 Bohemians · China
1293
+21
1264
+22
🇨🇳 Saracens · China
1213
+25
🇨🇳 Khmer · China
1467
-24
🇲🇽 Danes · Mexico
1410
-22
🇲🇽 Vikings · Mexico
1399
-22
🇲🇽 Bohemians · Mexico
1346
-20
Villano91
10:33 Feudal Age
14:54 Castle Age
13:10 Double-Bit Axe
13:16 Horse Collar
16:10 Bow Saw
20:46 Fervor
24:08 Wheelbarrow
24:05 Heavy Plow
29:17 Imperial Age
27:07 Hand Cart
26:38 Town Watch
28:12 Chemistry
28:20 Town Patrol
29:17 Loom
29:38 Padded Archer Armor
29:29 Fletching
30:37 Conscription
30:29 Wagenburg Tactics
31:27 Two-Man Saw
31:20 Squires
30:41 Pikeman
31:38 Leather Archer Armor
31:24 Scale Mail Armor
31:13 Elite Skirmisher
33:08 Ring Archer Armor
34:04 Bodkin Arrow
33:45 Crossbowman
36:15 Bracer
36:31 Chain Mail Armor
38:24 Halberdier
Herby
10:52 Feudal Age
11:51 Gold Mining
11:48 Double-Bit Axe
13:14 Loom
16:21 Castle Age
22:05 Imperial Age
20:07 Bow Saw
22:36 Northmen's Fury
26:09 Capped Ram
[Pb] Komodo 3000
10:08 Feudal Age
14:11 Castle Age
13:29 Double-Bit Axe
14:06 Gold Mining
15:04 Loom
16:59 Bow Saw
17:01 Horse Collar
18:05 Heavy Plow
18:13 Scale Mail Armor
21:03 Squires
22:07 Chain Mail Armor
24:48 Forging
28:00 Iron Casting
297539664
10:36 Feudal Age
13:32 Castle Age
11:19 Double-Bit Axe
12:11 Horse Collar
14:38 Bow Saw
22:22 Wheelbarrow
23:40 Gold Mining
27:15 Imperial Age
26:00 Hand Cart
26:26 Gold Shaft Mining
26:23 Scale Barding Armor
26:28 Forging
27:44 Chain Barding Armor
27:59 Iron Casting
27:30 Elite Battle Elephant
28:39 Bloodlines
28:29 Husbandry
29:30 Tusk Swords
29:51 Conscription
30:53 Plate Barding Armor
31:19 Blast Furnace
31:12 Light Cavalry
31:49 Hussar
38:45 Elite Ballista Elephant
39:29 Double Crossbow
goldenseed
10:14 Feudal Age
14:09 Castle Age
11:56 Horse Collar
12:29 Double-Bit Axe
15:15 Bow Saw
15:08 Loom
18:09 Chemistry
23:08 Padded Archer Armor
30:00 Wheelbarrow
32:45 Imperial Age
32:22 Hand Cart
31:52 Town Watch
32:40 Fortified Wall
37:01 Leather Archer Armor
36:53 Siege Engineers
38:20 Two-Man Saw
40:01 Houfnice
飘雪
9:44 Feudal Age
14:19 Castle Age
12:41 Double-Bit Axe
13:18 Horse Collar
15:00 Heavy Plow
16:44 Bow Saw
16:22 Loom
21:22 Gold Mining
22:04 Stone Mining
24:41 Bloodlines
27:09 Wheelbarrow
29:01 Hand Cart
32:17 Imperial Age
31:49 Forging
31:44 Scale Barding Armor
32:35 Husbandry
33:25 Iron Casting
33:23 Conscription
33:07 Elite Mameluke
35:07 Blast Furnace
34:27 Chain Barding Armor
41:25 Plate Barding Armor
豹豹是只大猫咪
9:47 Feudal Age
13:45 Castle Age
12:23 Double-Bit Axe
12:38 Horse Collar
22:57 Wheelbarrow
22:09 Loom
23:13 Heavy Plow
23:28 Bow Saw
24:30 Hand Cart
24:22 Gold Mining
25:09 Town Watch
29:01 Imperial Age
26:50 Scale Mail Armor
27:01 Forging
28:39 Chain Mail Armor
28:59 Iron Casting
28:59 Squires
28:45 Arson
29:03 Elite Varangian Guard
30:16 Plate Mail Armor
29:16 Capped Ram
29:25 Pikeman
30:01 Halberdier
31:45 Blast Furnace
33:06 Scale Barding Armor
33:43 Gothikon
34:44 Conscription
36:46 Siege Ram
40:16 Bloodlines
40:07 Husbandry
哭稀饭(2125613428)
11:30 Feudal Age
11:56 Double-Bit Axe
15:03 Castle Age
12:54 Domestication
16:03 Bow Saw
16:22 Pastoralism
21:53 Wheelbarrow
22:27 Gold Mining
23:32 Hand Cart
27:43 Imperial Age
25:16 Fletching
26:02 Stone Mining
27:23 Stone Shaft Mining
26:58 Squires
26:54 Pikeman
27:35 Bodkin Arrow
28:02 Ballistics
28:18 Thumb Ring
29:34 Parthian Tactics
29:24 Forging
30:24 Fortified Wall
30:04 Heavy Cavalry Archer
31:43 Transhumance
33:03 Chemistry
32:09 Siege Engineers
32:39 Padded Archer Armor
33:43 Bracer
34:44 Leather Archer Armor
35:41 Conscription
35:27 Lamellar Armor
36:51 Elite Liao Dao
37:35 Scale Mail Armor
38:10 Iron Casting
38:38 Elite Skirmisher
Connection lost

Rejoining the realm…

Still unreachable

The connection could not be restored.

Session expired

The server has moved on; the page needs a fresh start.